 Dungeon Crawl Stone Soup version 0.21-a0-518-g43a1781 (webtiles) character file.

14226 Gildeon the Severer (level 11, -3/99 HPs)
             Began as a Minotaur Fighter on Dec 4, 2017.
             Was an Elder of Qazlal.
             Slain by a spiny frog (14 damage)
             ... on level 4 of the Lair of Beasts.
             The game lasted 00:42:53 (11717 turns).

Gildeon the Severer (Minotaur Fighter)             Turns: 11717, Time: 00:42:54

Health: -3/99      AC: 15    Str: 27    XL:     11   Next: 85%
Magic:  10/10      EV:  2    Int:  6    God:    Qazlal [****..]
Gold:   619        SH: 19    Dex: 12    Spells: 3/10 levels left

rFire    . . .     SeeInvis .   a - +2 war axe
rCold    . . .     Gourm    .   c - +0 shield
rNeg     + . .     Faith    .   t - +1 plate armour
rPois    .         Spirit   .   d - +2 hat
rElec    .         Reflect  .   (no cloak)
rCorr    .         Harm     .   (no gloves)
MR       .....                  j - +0 pair of boots
Stlth    ..........             (no amulet)
HPRegen  0.26/turn              k - +4 ring of strength
MPRegen  0.12/turn              l - ring of positive energy

@: constricted, repel missiles
A: retaliatory headbutt, horns 2, large bone plates 1, blurry vision 1, strong 1
a: Upheaval, Elemental Force, Renounce Religion


You were on level 4 of the Lair of Beasts.
You worshipped Qazlal.
Qazlal was greatly pleased with you.
You were not hungry.

You visited 2 branches of the dungeon, and saw 12 of its levels.

You collected 619 gold pieces.

Inventory:

Hand Weapons
 a - a +2 war axe (weapon)
 b - a +0 trident of venom
Missiles
 v - 8 javelins
 w - 10 tomahawks (quivered)
Armour
 c - a +0 shield (worn)
 d - a +2 hat (worn)
 j - a +0 pair of boots (worn)
 t - a +1 plate armour (worn)
Jewellery
 k - a +4 ring of strength (left hand)
 l - a ring of positive energy (right hand)
Wands
 p - a wand of enslavement (14)
Scrolls
 y - 2 scrolls of teleportation
 B - 2 scrolls of identify
 C - 2 scrolls of remove curse
Potions
 g - a potion of magic
 h - 5 potions of flight
 m - a potion of ambrosia
 r - 2 potions of agility
 s - 3 potions of curing
 u - a potion of haste
 z - 2 potions of brilliance
Books
 x - a book of Misfortune

   Spells                             Type                      Level
   a - Confusing Touch                Hexes                        1
   b - Confuse                        Hexes                        3
   c - Gell's Gravitas                Translocation                3
   d - Petrify                        Transmutation/Earth          4
   e - Metabolic Englaciation         Hexes/Ice                    5
   f - Yara's Violent Unravelling     Hexes/Transmutation          5
Comestibles
 f - 3 bread rations
 n - 38 fruits
 o - 3 meat rations
 q - 2 royal jellies


   Skills:
 - Level 10.1 Fighting
 - Level 16.1 Axes
 + Level 10.3 Throwing
 - Level 3.6 Armour
 - Level 3.6 Shields


You had 3 spell levels left.
You knew the following spells:

 Your Spells              Type           Power        Failure   Level  Hunger
a - Confusing Touch       Hex            #.....       100%        1    ##.....
b - Confuse               Hex            #.......     100%        3    ####...
c - Gell's Gravitas       Tloc           #.........   100%        3    ####...


Dungeon Overview and Level Annotations

Branches:
Dungeon (8/15)             Temple (0/1) D:7            Lair (4/6) D:8
  Swamp (0/4) Lair:3
  Snake: Lair:2-4    Spider: Lair:2-4

Altars:
Qazlal

Shops:
D:7 (   D:8 :


Innate Abilities, Weirdness & Mutations

You reflexively headbutt those who attack you in melee.
You have a pair of horns on your head.
You are partially covered in large bone plates. (SH +4)
Scrolls take you a little longer to read.
Your muscles are strong. (Str +2)


Message History

There is a stone staircase leading up, spattered with blood here.
Items here: †††† a yak corpse x3; an elephant corpse You feel sick.
You block the spiny frog's attack. The naga hits you with a long sword!
The naga grabs you.
You stop ascending the stairs.
The naga constricts you.
The naga hits you from afar with a glaive!!
* * * LOW HITPOINT WARNING * * *
Unknown command.
You feel better. You block the spiny frog's attack. The spiny frog stings you!
* * * LOW HITPOINT WARNING * * *
The naga hits you with a long sword!
* * * LOW HITPOINT WARNING * * *
The naga constricts you.
Okay, then.
You feel better.
The naga hits you from afar with a glaive.
* * * LOW HITPOINT WARNING * * *
The spiny frog stings you!
You die...

..### ##.
....#.###.#
..........#
..........#
..........#
.....#...§## ##
.....!.§§.§##.#
#.....†..@F§.###
#........†N§...#
..........N§..[##
................#
................P#
................##
##...........P..#
#............P##
#............##


You could see a spiny frog and 2 nagas.

Vanquished Creatures
  A hydra (Lair:3)
  A two-headed ogre (D:8)
  An elephant (Lair:4)
  5 spiny frogs
  A komodo dragon (Lair:1)
  2 rime drakes
  A tyrant leech (Lair:3)
  Prince Ribbit (D:7)
  A hippogriff (Lair:3)
  4 blink frogs (Lair:3)
  12 yaks
  Grum (Lair:1)
  A basilisk (Lair:3)
  2 hungry ghosts (D:7)
  A steam dragon (D:7)
  2 swamp worms (Lair:3)
  Edmund (D:6)
  11 water moccasins
  5 porcupines
  A sky beast (D:8)
  An orc warrior (D:8)
  2 ice beasts (D:7)
  2 black bears
  A phantom (D:5)
  2 ogres
  13 wolves
  3 centaurs
  6 crocodiles
  Blork the orc (D:6)
  2 big kobolds
  7 bullfrogs
  A scorpion (D:5)
  3 howler monkeys
  3 wights (D:8)
  A centaur zombie (D:8)
  2 crimson imps
  A hound (D:7)
  A bullfrog skeleton (D:7)
  A centaur skeleton (D:7)
  4 orc priests
  3 orc wizards
  4 worker ants
  A hound skeleton (D:5)
  2 worker ant zombies (D:8)
  3 gnolls (D:3)
  16 adders
  2 shadow imps
  3 oozes
  An adder zombie (D:5)
  An adder skeleton (D:5)
  3 worms
  2 dart slugs (D:2)
  7 leopard geckos
  36 orcs
  5 bats
  4 giant cockroaches
  6 goblins
  7 hobgoblins
  4 jackals (D:6)
  4 quokkas
  2 ball pythons (D:3)
  8 frilled lizards
  13 kobolds
  A leopard gecko skeleton (D:7)
  7 rats
  2 butterflies (Lair:1)
259 creatures vanquished.

Vanquished Creatures (collateral kills)
  An elephant (Lair:4)
  An orc (D:8)
  2 kobolds (D:7)
4 creatures vanquished.

Vanquished Creatures (others)
  An elephant (Lair:4)
  A wight (D:8)
  2 kobolds (D:7)
  5 fungi
9 creatures vanquished.

Grand Total: 272 creatures vanquished

Notes
Turn   | Place    | Note
-------+----------+-------------------------------------------
     0 | D:1      | Gildeon the Minotaur Fighter began the quest for the Orb.
     0 | D:1      | Reached XP level 1. HP: 19/19 MP: 0/0
   129 | D:1      | Reached skill level 3 in Axes
   136 | D:1      | Reached XP level 2. HP: 17/26 MP: 1/1
   374 | D:1      | You fall through a shaft!
   393 | D:2      | Reached skill level 4 in Axes
   505 | D:2      | Reached XP level 3. HP: 29/31 MP: 2/2
   962 | D:2      | Reached skill level 5 in Axes
  1044 | D:2      | Reached XP level 4. HP: 22/39 MP: 3/3
  1575 | D:3      | Reached skill level 6 in Axes
  1598 | D:3      | Reached XP level 5. HP: 28/45 MP: 4/4
  2246 | D:3      | Noticed a centaur
  2253 | D:3      | Killed a centaur
  2253 | D:3      | Reached skill level 7 in Axes
  2686 | D:4      | Reached XP level 6. HP: 51/51 MP: 5/5
  2744 | D:4      | Reached skill level 8 in Axes
  3369 | D:5      | Entered Level 5 of the Dungeon
  3379 | D:5      | Reached skill level 9 in Axes
  3386 | D:5      | Reached XP level 7. HP: 42/57 MP: 6/6
  3817 | D:5      | Found a stormy altar of Qazlal.
  3824 | D:5      | Became a worshipper of Qazlal Stormbringer
  3949 | D:5      | Reached skill level 10 in Axes
  4477 | D:6      | Reached skill level 11 in Axes
  4505 | D:6      | Noticed Blork the orc
  4509 | D:6      | Reached XP level 8. HP: 61/64 MP: 7/7
  4518 | D:6      | Killed Blork the orc
  4525 | D:6      | Reached * piety under Qazlal
  4871 | D:6      | Noticed Edmund
  4882 | D:6      | Killed Edmund
  4882 | D:6      | Reached skill level 12 in Axes
  5723 | D:7      | Reached skill level 13 in Axes
  5890 | D:7      | Noticed Prince Ribbit
  6047 | D:7      | Reached XP level 9. HP: 70/70 MP: 8/8
  6204 | D:7      | Killed Prince Ribbit
  6204 | D:7      | Reached skill level 14 in Axes
  6346 | D:7      | Found a staircase to the Ecumenical Temple.
  6700 | D:7      | Reached ** piety under Qazlal
  6707 | D:7      | Found Ynup Xaph's Weapon Emporium.
  7019 | D:8      | Reached skill level 15 in Axes
  7113 | D:8      | Gained mutation: Your muscles are strong. (Str +2) [mutagenic meat]
  7114 | D:8      | Gained mutation: You are partially covered in large bone plates. (SH +4) [mutagenic meat]
  7115 | D:8      | Gained mutation: Scrolls take you a little longer to read. [mutagenic meat]
  7148 | D:8      | Noticed a two-headed ogre
  7164 | D:8      | Killed a two-headed ogre
  7164 | D:8      | Reached skill level 16 in Axes
  7164 | D:8      | Reached XP level 10. HP: 31/77 MP: 9/9
  7542 | D:8      | Found Wat Qiaty's Book Emporium.
  7802 | D:8      | Found a staircase to the Lair.
  8021 | Lair:1   | Entered Level 1 of the Lair of Beasts
  8040 | Lair:1   | Noticed Grum
  8042 | Lair:1   | Reached skill level 5 in Fighting
  8081 | Lair:1   | Killed Grum
  8230 | Lair:1   | Reached *** piety under Qazlal
  8396 | Lair:1   | Got a twisted flail
  8397 | Lair:1   | Identified the +3 flail of the Lettuce {drain, rN+ MR+ Int+3} (You found it on level 1 of the Lair of Beasts)
  8441 | Lair:1   | Noticed a spiny frog
  8451 | Lair:1   | Killed a spiny frog
  8728 | Lair:1   | Reached skill level 10 in Fighting
  9101 | Lair:1   | Reached skill level 1 in Throwing
  9613 | Lair:2   | Reached XP level 11. HP: 98/99 MP: 10/10
  9781 | Lair:2   | Reached skill level 5 in Throwing
 10266 | Lair:3   | Found a staircase to the Swamp.
 10276 | Lair:3   | Noticed a four-headed hydra
 10313 | Lair:3   | Killed a four-headed hydra
 10715 | Lair:3   | Reached **** piety under Qazlal
 11571 | Lair:3   | Learned a level 1 spell: Confusing Touch
 11575 | Lair:3   | Learned a level 3 spell: Confuse
 11579 | Lair:3   | Learned a level 3 spell: Gell's Gravitas
 11706 | Lair:4   | Reached skill level 10 in Throwing
 11717 | Lair:4   | Slain by a spiny frog

Vault maps used:
D:1:      moated_graveyard_arrival
D:2:      serial_bayou_pond_e
D:5:      nicolae_qazlal_eye_of_the_storm, first_bread
D:6:      uniq_blork_the_orc, uniq_edmund
D:7:      temple_statues, serial_shops, shop, nrook_loot_triangle,
          uniq_prince_ribbit1
D:8:      lair_entry_dummy, serial_shops, shop_statue, blue_anna_alchemist
Lair:1:   serial_bayou_shore_b, lemuel_fruit_fields, lemuel_fruit_tree,
          grunt_megastairs_3, uniq_grum
Lair:3:   minmay_swamp_entry_worms
Lair:4:   beast_lair_carwin_large_2, minmay_snake_entry_guardpost_small,
          kennysheep_abandoned_house, uniq_josephine

Skill      XL: |  1  2  3  4  5  6  7  8  9 10 11 |
---------------+----------------------------------+-----
Axes           | 3 4 5 6 7 9 11 13 16 | 16.1
Fighting       | 10 | 10.1
Throwing       | 4 10 | 10.3
Armour         | |  3.6
Shields        | |  3.6

Action                   |  1- 3 |  4- 6 |  7- 9 | 10-12 || total
-------------------------+-------+-------+-------+-------++-------
Melee: War axe           |    67 |   130 |   281 |   249 ||   727
       Headbutt          |     8 |    24 |    45 |    69 ||   146
       Trident           |       |       |       |    15 ||    15
Throw: Tomahawk          |       |       |     8 |    12 ||    20
       Javelin           |       |       |       |    10 ||    10
Evoke: Wand              |       |     1 |    35 |    34 ||    70
  Use: Scroll            |     2 |     6 |     7 |     7 ||    22
       Potion            |       |     2 |       |     9 ||    11
 Stab: Paralysed         |       |       |       |     3 ||     3
       Distracted        |       |       |       |     1 ||     1
       Confused          |       |       |       |     2 ||     2
  Eat: Chunk             |       |     6 |    15 |     6 ||    27
       Fruit             |       |     2 |     3 |       ||     5
       Bread ration      |       |       |     1 |     2 ||     3
Armor: Scale mail        |    37 |     5 |       |       ||    42
       Chain mail        |       |    52 |   107 |     3 ||   162
       Plate armour      |       |       |       |   111 ||   111
Dodge: Dodged            |    28 |    34 |    47 |    43 ||   152
       Deflected         |       |       |       |     1 ||     1
Block: Shield            |    45 |    76 |   144 |   229 ||   494

Table legend:
 A = Spawn XP
 B = Non-spawn XP
 C = Spawn XP percentage of total XP
 D = Spawn monster count
 E = Non-spawn monster count
 F = Spawn count percentage of total count
 G = Total turns spent on level
                    A         B        C        D         E        F      G
               +---------+---------+-------+---------+---------+-------+---------
         Total |       0 |   20324 |   0.0 |       0 |     263 |   0.0 | 11717
               +---------+---------+-------+---------+---------+-------+---------
           D:1 |       0 |      29 |   0.0 |       0 |      17 |   0.0 |   741
           D:2 |       0 |     117 |   0.0 |       0 |      25 |   0.0 |   819
           D:3 |       0 |     233 |   0.0 |       0 |      30 |   0.0 |  1114
           D:4 |       0 |     266 |   0.0 |       0 |       7 |   0.0 |   695
           D:5 |       0 |     581 |   0.0 |       0 |      28 |   0.0 |   982
           D:6 |       0 |     774 |   0.0 |       0 |      28 |   0.0 |  1306
           D:7 |       0 |    1865 |   0.0 |       0 |      36 |   0.0 |  1292
           D:8 |       0 |    2101 |   0.0 |       0 |      22 |   0.0 |  1072
        Lair:1 |       0 |    4179 |   0.0 |       0 |      24 |   0.0 |  1481
        Lair:2 |       0 |    2782 |   0.0 |       0 |      12 |   0.0 |   886
        Lair:3 |       0 |    5710 |   0.0 |       0 |      27 |   0.0 |  1290
        Lair:4 |       0 |    1687 |   0.0 |       0 |       7 |   0.0 |    39
               +---------+---------+-------+---------+---------+-------+---------
